Map: Ever Dream LE

Players

Namshar - Winner!

  • Race: Zerg Zerg
  • League: Master
  • Spawn Location: 7:00

LiquidTLO (TLO)

  • Race: Zerg Zerg
  • League: Master
  • Spawn Location: 1:00

Event: DreamHack SC2 Masters 2020 Summer North America

VOD

Have the link to the VOD?

Description

Time

  • Played on: July 9, 2020, 4:19 p.m.
  • Length: 10:27

All games in this series

Show
View Real Time Build Order
Export as new Build Order

Namshar Zerg - Winner!

Build Orders: Hatch First 

Get SALT Encoding   

  12  0:00  Drone  
  13  0:12  Overlord  
  13  0:17  Drone  
  14  0:30  Drone x2  
  16  0:47  Hatchery  
  15  0:50  Drone  
  15  0:53  Drone  
  17  1:07  Spawning Pool  
  16  1:12  Drone, Extractor  
  16  1:16  Drone  
  17  1:19  Drone  
  18  1:27  Drone  
  19  1:40  Drone  
  20  1:49  Overlord  
  20  1:54  Queen  
  20  1:59  Queen  
  20  2:00  Zergling x2  
  20  2:01  Zergling x2  
  26  2:10  Drone  
  26  2:11  Drone  
  26  2:12  Metabolic Boost  
  28  2:21  Drone x2  
  30  2:32  Drone x2  
  32  2:41  Hatchery  
  31  2:46  Queen  
  31  2:50  Overlord  
  33  2:53  Drone  
  34  2:58  Baneling Nest  
  34  3:02  Drone  
  34  3:06  Drone  
  34  3:09  Drone x3  
  38  3:14  Drone x2  
  38  3:16  Zergling x2  
  41  3:20  Zergling x4  
  43  3:42  Baneling x2  
  43  3:44  Overlord, Zergling x2  
  43  3:45  Overlord  
  44  3:58  Evolution Chamber  
  44  3:59  Drone x7  
  50  4:03  Drone x2  
  50  4:07  Drone x2  
  50  4:09  Drone  
  55  4:14  Drone  
  56  4:20  Drone x2  
  58  4:25  Roach Warren  
  58  4:27  Extractor  
  58  4:29  Drone, Extractor  
  58  4:30  Drone x4  
  58  4:31  Drone  
  60  4:35  Lair  
  60  4:36  Zerg Missile Weapons Level 1  
  60  4:38  Drone x4  
  60  4:42  Overlord  
  60  4:43  Drone  
  65  4:49  Drone  
  66  4:53  Extractor  
  66  4:55  Drone, Overlord  
  65  5:05  Drone x9  
  65  5:06  Drone  
  69  5:07  Drone  
  69  5:11  Pneumatized Carapace  
  70  5:14  Drone x3  
  70  5:17  Drone x2  
  75  5:24  Overlord x2, Extractor  
  75  5:26  Extractor  
  74  5:28  Drone x4  
  77  5:35  Evolution Chamber  
  77  5:41  Glial Reconstitution  
  76  5:42  Overseer  
  76  5:47  Overlord  
  76  5:49  Drone  
  78  5:50  Roach x7  
  90  5:57  Hatchery  
  90  6:00  Overlord  
  89  6:04  Roach  
  89  6:05  Roach x3  
  89  6:08  Spine Crawler  
  89  6:09  Roach  
  89  6:10  Roach x2, Spine Crawler  
  101  6:14  Roach x2  
  101  6:17  Overlord x3  
  106  6:20  Spine Crawler  
  106  6:22  Roach x2  
  108  6:34  Roach x2  
  108  6:36  Roach x6  
  124  6:42  Ravager  
  124  6:43  Zerg Missile Weapons Level 2, Ravager  
  124  6:45  Roach  
  124  6:46  Roach x2  
  132  6:51  Overlord x2  
  132  6:58  Spire  
  131  7:01  Roach  
  131  7:02  Roach x2  
  131  7:03  Zerg Ground Armor Level 1  
  137  7:13  Roach x5  
  147  7:24  Drone x3  
  147  7:26  Hatchery, Drone  
  147  7:29  Overlord x2  
  150  7:31  Ravager x3  
  153  7:50  Roach x8  
  169  7:54  Unknown, Overlord x3  
  168  8:00  Drone  
  165  8:15  Roach  
  165  8:16  Roach x8  
  183  8:23  Mutalisk x6  
  185  8:32  Overlord x2  
  185  8:33  Zerg Flyer Weapons Level 1  
  181  8:46  Mutalisk x3  
  186  9:05  Mutalisk x4  
  186  9:09  Hatchery  
  189  9:18  Mutalisk x3  
  189  9:23  Queen  
  183  9:37  Spore Crawler  
  182  9:42  Mutalisk  
  182  9:43  Mutalisk x4  
  185  9:53  Mutalisk x2  
Show
View Real Time Build Order
Export as new Build Order

LiquidTLO Zerg 

Build Orders: Hatch First 

Get SALT Encoding   

  12  0:00  Drone  
  13  0:12  Overlord  
  13  0:16  Drone  
  14  0:31  Drone x2  
  16  0:47  Hatchery  
  15  0:50  Drone  
  15  0:54  Drone  
  17  0:57  Drone  
  18  1:04  Extractor  
  17  1:14  Spawning Pool  
  17  1:16  Drone  
  17  1:19  Drone  
  18  1:29  Drone  
  19  1:39  Drone  
  20  1:50  Overlord  
  20  2:00  Queen x2  
  24  2:01  Drone  
  24  2:04  Metabolic Boost  
  24  2:06  Zergling x2  
  26  2:10  Drone  
  26  2:12  Drone  
  28  2:20  Drone  
  28  2:21  Drone  
  30  2:31  Zergling x2  
  30  2:36  Hatchery  
  30  2:41  Drone  
  31  2:50  Baneling Nest  
  30  2:52  Overlord  
  30  2:54  Drone  
  30  2:58  Drone  
  30  3:00  Overlord  
  30  3:04  Zergling x2  
  32  3:09  Queen  
  32  3:11  Drone  
  35  3:13  Zergling x2  
  35  3:16  Drone  
  37  3:20  Drone  
  37  3:21  Zergling x2  
  37  3:25  Drone  
  40  3:28  Drone  
  40  3:31  Drone  
  40  3:33  Drone  
  42  3:36  Zergling x2  
  42  3:38  Baneling  
  42  3:41  Zergling x2  
  44  3:42  Overlord  
  44  3:45  Zergling x2  
  44  3:46  Baneling x2, Zergling x2  
  46  3:48  Overlord  
  46  3:53  Overlord  
  46  3:54  Zergling x2  
  47  3:57  Drone  
  47  3:59  Drone x2  
  50  4:04  Drone x2  
  50  4:07  Evolution Chamber, Baneling  
  50  4:08  Drone  
  51  4:12  Drone  
  52  4:18  Drone, Lair  
  52  4:20  Drone  
  52  4:21  Drone, Extractor x2  
  52  4:23  Baneling, Drone  
  54  4:25  Drone  
  54  4:27  Drone  
  56  4:33  Drone  
  56  4:35  Roach Warren, Drone  
  56  4:37  Baneling x2  
  58  4:38  Drone  
  58  4:40  Drone  
  58  4:41  Drone  
  58  4:43  Drone  
  61  4:46  Overlord  
  61  4:49  Drone  
  61  4:51  Zerg Missile Weapons Level 1  
  62  4:54  Evolution Chamber, Drone  
  62  4:56  Drone  
  62  4:58  Drone  
  64  5:00  Drone  
  64  5:01  Drone  
  64  5:04  Drone x2  
  64  5:05  Drone  
  67  5:09  Drone x2, Extractor  
  67  5:10  Extractor  
  67  5:11  Drone  
  67  5:12  Baneling  
  68  5:15  Zergling x2  
  68  5:16  Glial Reconstitution  
  68  5:18  Drone  
  72  5:21  Roach  
  72  5:24  Roach  
  72  5:28  Roach, Overlord  
  76  5:29  Roach  
  76  5:33  Roach x2  
  81  5:43  Overlord  
  81  5:44  Nydus Network  
  81  5:45  Overlord  
  81  5:46  Overseer  
  81  5:47  Overlord  
  81  5:48  Roach  
  82  5:50  Roach  
  82  5:53  Roach  
  82  5:54  Roach  
  88  6:02  Zerg Ground Armor Level 1  
  88  6:06  Roach  
  88  6:09  Roach x2  
  88  6:10  Roach  
  96  6:12  Roach x2  
  96  6:15  Overlord  
  96  6:18  Roach, Overlord  
  102  6:20  Nydus Canal  
  102  6:22  Overlord  
  102  6:24  Overlord  
  102  6:26  Roach  
  102  6:29  Drone  
  102  6:30  Extractor  
  102  6:31  Drone  
  102  6:32  Drone x2  
  104  6:33  Drone  
  104  6:35  Drone  
  105  6:40  Drone  
  105  6:45  Drone  
  107  6:47  Spire  
  107  6:48  Drone  
  107  6:57  Hatchery, Drone x2  
  107  6:58  Roach  
  110  7:04  Roach  
  110  7:07  Roach x2  
  116  7:10  Zerg Missile Weapons Level 2  
  116  7:12  Roach  
  116  7:13  Roach x2  
  122  7:16  Overlord  
  122  7:17  Roach  
  122  7:21  Overlord  
  124  7:25  Overlord  
  124  7:26  Roach  
  124  7:27  Roach  
  124  7:29  Roach  
  130  7:33  Roach  
  132  7:41  Roach  
  132  7:42  Roach  
  136  7:47  Roach  
  136  7:50  Nydus Canal  
  134  7:51  Roach x2  
  134  7:52  Roach x6  
  134  7:53  Ravager x5  
  134  7:57  Overlord  
  153  7:58  Roach  
  153  8:00  Roach  
  153  8:02  Roach  
  153  8:04  Roach  
  159  8:06  Roach  
  159  8:07  Roach  
  159  8:08  Roach x2  
  167  8:13  Overlord  
  167  8:14  Unknown, Roach  
  167  8:15  Overlord  
  167  8:16  Roach  
  165  8:21  Roach  
  165  8:22  Roach  
  165  8:23  Roach  
  165  8:26  Zerg Flyer Weapons Level 1, Roach x2  
  166  8:27  Overlord  
  166  8:33  Roach  
  168  8:35  Roach  
  164  8:42  Roach  
  140  8:49  Mutalisk x4  
  140  8:53  Nydus Canal  
  140  8:55  Roach  
  146  8:57  Hatchery  
  146  9:01  Mutalisk  
  146  9:02  Drone x2  
  149  9:03  Roach  
  149  9:07  Drone  
  149  9:08  Mutalisk  
  154  9:12  Zergling x10  
  154  9:16  Mutalisk  
  155  9:21  Mutalisk  
  155  9:23  Drone  
  156  9:28  Mutalisk  
  156  9:35  Mutalisk  
  156  9:41  Mutalisk  
  156  9:45  Mutalisk  
  154  9:48  Queen x2  
  154  9:52  Mutalisk  
  161  9:56  Mutalisk  
  163  10:03  Mutalisk  
Tags
 
Add a new tag
Caveats
  • Supply blocks, unpowered buildings, or Contaminate may cause inaccurate times.
  • Supply counts are checked every 10 seconds.